 Dungeon Crawl Stone Soup version 0.31.0-32-g396128a36d (webtiles) character file.

Game seed: 8804351183821655659

5936 Tiocfaidh the Protected (level 11, 0/74 HPs)
             Began as a Djinni Air Elementalist on Apr 21, 2024.
             Was a Believer of Qazlal.
             Slain by an orc warrior
             ... wielding a +0 war axe
              (11 damage)
             ... in a bailey.
             The game lasted 01:13:40 (8750 turns).

Tiocfaidh the Protected (Djinni Air Elementalist)   Turns: 8750, Time: 01:13:41

Health: 0/74       AC: 13    Str:  7    XL:     11   Next: 9%
Gold:   771        EV: 12    Int: 21    God:    Qazlal [**....] SH:  3 Dex: 14

rFire   + + .        s - +4 dagger (speed)
rCold   . . .        (no shield)
rNeg    . . .        c - +3 ring mail {rC+}
rPois   ∞            v - +2 helmet
rElec   .            u - scarf {+Inv}
rCorr   .            (no gloves)
SInv    .            (boots unavailable)
Will    ++...        h - amulet of faith
Stlth   ++           g - ring of willpower
HPRegen 0.32/turn    (no ring)
MPRegen 0.00/turn

%: faith, infuse magic (-1 HP)
@: flying
A: sickness immunity, fire resistance 2, cold vulnerability 1, float, innate
caster, HP casting, extra vitality 1
a: Renounce Religion, Evoke Invisibility, Upheaval


You were in a bailey.
You worshipped Qazlal.
Qazlal was pleased with you.
You visited 2 branches of the dungeon, and saw 9 of its levels.
You also visited: Bailey.

You collected 771 gold pieces.

Inventory:

Hand Weapons
 n - a +2 dagger of protection
 s - a +4 dagger of speed (weapon)
Missiles
 a - a throwing net
Armour
 c - a +3 ring mail of cold resistance (worn)
 u - a scarf of invisibility (worn)
 v - a +2 helmet (worn)
Jewellery
 g - a ring of willpower (left hand)
 h - an amulet of faith (around neck)
Wands
 b - a wand of paralysis (7)
 e - a wand of polymorph (6)
 o - a wand of flame (13)
 t - a wand of quicksilver (6)
Potions
 d - a potion of ambrosia {unknown}
 f - a potion of haste {unknown}
 i - 5 potions of curing {unknown}
 k - a potion of mutation {unknown}
 l - a potion of might {unknown}
 m - a potion of attraction {unknown}
 p - 2 potions of resistance {unknown}
 q - a potion of degeneration {unknown}


   Skills:
 + Level 4.4 Fighting
 + Level 1.9 Short Blades
 + Level 8.2 Armour
 + Level 7.2 Dodging
 + Level 4.5 Stealth
 + Level 1.0 Shields
 + Level 0.4 Unarmed Combat
 + Level 7.6 Spellcasting
 + Level 7.6 Conjurations
 + Level 7.6 Hexes
 + Level 7.6 Summonings
 + Level 7.6 Necromancy
 + Level 7.6 Translocations
 + Level 7.6 Fire Magic
 + Level 7.6 Ice Magic
 + Level 7.6 Air Magic
 + Level 7.6 Earth Magic
 + Level 7.6 Alchemy
 + Level 3.4 Evocations


You knew the following spells:

 Your Spells              Type           Power      Damage    Failure   Level
a - Shock                 Conj/Air       100%       1d9       1%          1
b - Static Discharge      Conj/Air       78%        3-7/arc   1%          2
c - Swiftness             Air            39%        N/A       3%          3
d - Airstrike             Air            19%        2d(3-19)  10%         4
e - Foxfire               Conj/Fire      100%       2x1d9     1%          1
f - Lesser Beckoning      Tloc           78%        N/A       1%          2
g - Fugue of the Fallen   Necr           39%        N/A       3%          3
h - Fulminant Prism       Conj/Alch      19%        3d11      10%         4
i - Sticky Flame          Fire/Alch      39%        2d8       10%         4
Your spell library was empty.

Dungeon Overview and Level Annotations

Branches:
Dungeon (8/15)             Temple (1/1) D:6          Bailey (1/1)
   Lair: D:8-11

Altars:
Ashenzari
Cheibriados
Dithmenos
Elyvilon
Fedhas
Gozag
Hepliaklqana
Makhleb
Nemelex Xobeh
Qazlal
Ru
Trog
Wu Jian
Xom
Yredelemnul
Zin
The Shining One

Shops:
D:1 :[(=

Annotations:
D:4 Duvessa
D:6 Jeremiah


Innate Abilities, Weirdness & Mutations

You are immune to sickness and miasma.
You are immune to poison.
Your flesh is very heat resistant. (rF++)
You are vulnerable to cold. (rC-)
You float through the air rather than walking.
You learn spells naturally, not from books.
Your magical power is your life essence.
You have superior vitality. (+4 MHP)


Message History

The bolt of dispelling energy hits the orc warrior!
The orc warrior is heavily wounded.
The bolt of dispelling energy misses the orc warrior.
Aiming: Quicksilver Bolt
Press: ? - help, Shift-Dir - straight line, f/p - orc warrior
Aim: an orc warrior, wielding a +0 war axe and wearing a +0 plate armour (heavily wounded, 74% to hit)
The bolt of dispelling energy hits the orc warrior!!
You kill the orc warrior!
Qazlal accepts your kill.
Aiming: Quicksilver Bolt
Press: ? - help, Shift-Dir - straight line, f - orc warrior
Aim: an orc warrior, wielding a +0 broad axe and wearing a +0 plate armour (74% to hit)
The bolt of dispelling energy misses the orc warrior.
The bolt of dispelling energy hits the kobold brigand!!
The kobold brigand is severely wounded.
Aiming: Quicksilver Bolt
Press: ? - help, Shift-Dir - straight line, f/p - orc warrior
Aim: an orc warrior, wielding a +0 broad axe and wearing a +0 plate armour (74% to hit)
The bolt of dispelling energy misses the orc warrior.
The bolt of dispelling energy misses the kobold brigand.
The orc warrior closely misses you. The orc warrior barely misses you.
Aiming: Quicksilver Bolt
Press: ? - help, Shift-Dir - straight line, f/p - orc warrior
Aim: an orc warrior, wielding a +0 broad axe and wearing a +0 plate armour (74% to hit)
The bolt of dispelling energy misses the orc warrior.
The bolt of dispelling energy hits the kobold brigand!
You kill the kobold brigand!
Qazlal accepts your kill.
The orc warrior hits you with a +0 broad axe!
The orc warrior hits you with a +0 war axe!
* * * LOW HITPOINT WARNING * * *
Aiming: Quicksilver Bolt
Press: ? - help, Shift-Dir - straight line, f/p - orc warrior
Aim: an orc warrior, wielding a +0 broad axe and wearing a +0 plate armour (74% to hit)
The bolt of dispelling energy hits the orc warrior!!
The orc warrior is severely wounded.
The orc warrior hits you with a +0 broad axe!
* * * LOW HITPOINT WARNING * * *
The orc warrior hits you with a +0 war axe!
You die...

#.###~~.......~~###.#######
#....~~.......~~....#######
#.###~~.......~~###.#######
#....~~.......~~....#######
#.###~~.......~~###.#######
#....~~.......~~)...#######
#####~~.......)~###########
##~.......~############
####o'@###############
##..oo.##############
#∩...).∩#############
#...8)..# ##..(..## ###)###
***#...**** ***,......,,***
**,,........,,,**


You could see 3 orc warriors.

Vanquished Creatures
  A two-headed ogre (D:7)
  Pikel (D:7)
  An orc knight (Bailey)
  Maurice (D:7)
  6 humans (D:7)
  A wyvern (D:8)
  A water moccasin (D:5)
  2 orc warriors (Bailey)
  2 ice beasts (D:5)
  2 ogres (D:5)
  A phantom (D:6)
  2 lemures (D:7)
  6 kobold brigands (Bailey)
  A gnoll sergeant (D:6)
  3 bullfrogs (D:7)
  2 scorpions
  7 wights
  Dowan (D:4)
  3 bombardier beetles
  2 orc priests
  5 hounds
  3 jellies
  2 sleepcaps
  6 iguanas
  5 orc wizards
  4 hell rats (D:6)
  12 gnolls
  6 adders
  14 river rats (D:6)
  A shadow imp (D:5)
  A white imp (D:5)
  2 ufetubi (D:7)
  A dart slug (D:2)
  A ribbon worm (D:4)
  22 orcs
  6 ball pythons
  4 endoplasms
  3 giant cockroaches
  5 goblins
  5 hobgoblins
  16 kobolds
  3 quokkas
  3 bats
  3 frilled lizards
  3 rats
182 creatures vanquished.

Vanquished Creatures (others)
  550 foxfires
550 creatures vanquished.

Grand Total: 732 creatures vanquished

Notes
Turn   | Place    | Note
-------+----------+-------------------------------------------
     0 | D:1      | Tiocfaidh the Djinni Air Elementalist began the quest for
                  | the Orb.
     0 | D:1      | Tiocfaidh set off with the following spells memorised:
                  | Shock, Static Discharge, Swiftness, Airstrike.
     0 | D:1      | Reached XP level 1. HP: 15/15 MP: 0/0
   251 | D:1      | Reached XP level 2. HP: 19/21 MP: 0/0
   333 | D:1      | Found Yduppupnesh's Armour Boutique.
   507 | D:1      | Found Hyurut's Book Shop.
   594 | D:1      | Found Soib's Antique Weapon Shoppe.
   627 | D:1      | Found Pucsox's Jewellery Shoppe.
   766 | D:2      | Reached XP level 3. HP: 21/25 MP: 0/0
   766 | D:2      | Learned a level 1 spell: Foxfire
  1689 | D:3      | Reached XP level 4. HP: 23/31 MP: 0/0
  2208 | D:3      | Found an ornate altar of the Wu Jian Council.
  2226 | D:3      | Reached XP level 5. HP: 32/36 MP: 0/0
  2226 | D:3      | Learned a level 2 spell: Lesser Beckoning
  2674 | D:4      | Reached skill level 1 in Fighting
  2674 | D:4      | Reached XP level 6. HP: 39/42 MP: 0/0
  2812 | D:4      | Noticed Duvessa
  3322 | D:4      | Found a snail-covered altar of Cheibriados.
  3441 | D:4      | Noticed Dowan
  3513 | D:4      | Killed Dowan
  3514 | D:4      | Reached XP level 7. HP: 32/48 MP: 0/0
  3514 | D:4      | Learned a level 3 spell: Fugue of the Fallen
  3944 | D:5      | Entered Level 5 of the Dungeon
  4288 | D:5      | Found a white marble altar of Elyvilon.
  4771 | D:5      | Reached skill level 5 in Spellcasting
  4771 | D:5      | Reached skill level 5 in Conjurations
  4771 | D:5      | Reached skill level 5 in Hexes
  4771 | D:5      | Reached skill level 5 in Summonings
  4771 | D:5      | Reached skill level 5 in Necromancy
  4771 | D:5      | Reached skill level 5 in Translocations
  4771 | D:5      | Reached skill level 5 in Fire Magic
  4771 | D:5      | Reached skill level 5 in Ice Magic
  4771 | D:5      | Reached skill level 5 in Air Magic
  4771 | D:5      | Reached skill level 5 in Earth Magic
  4771 | D:5      | Reached skill level 5 in Alchemy
  4967 | D:5      | Reached skill level 1 in Armour
  4967 | D:5      | Reached skill level 5 in Dodging
  4967 | D:5      | Reached XP level 8. HP: 53/56 MP: 0/0
  5180 | D:5      | Reached skill level 2 in Armour
  5329 | D:6      | Noticed Jeremiah
  5440 | D:6      | Reached skill level 3 in Armour
  5883 | D:6      | Reached skill level 4 in Armour
  5883 | D:6      | Reached XP level 9. HP: 59/62 MP: 0/0
  5883 | D:6      | Learned a level 4 spell: Fulminant Prism
  5940 | D:6      | Found a bloodstained altar of Trog.
  6162 | D:6      | Found a staircase to the Ecumenical Temple.
  6200 | Temple   | Entered the Ecumenical Temple
  6325 | Temple   | Became a worshipper of Qazlal Stormbringer
  6445 | D:6      | Reached skill level 5 in Armour
  6618 | D:6      | Reached * piety under Qazlal
  6813 | D:6      | Found the +2 ratskin cloak {*Rats rPois rN+ Str-1 Int-1
                  | Dex+1}
  7262 | D:7      | Noticed Pikel
  7291 | D:7      | Killed Pikel
  7292 | D:7      | Reached skill level 1 in Short Blades
  7292 | D:7      | Reached skill level 6 in Armour
  7292 | D:7      | Reached skill level 1 in Evocations
  7427 | D:7      | Noticed a two-headed ogre
  7440 | D:7      | Reached XP level 10. HP: 56/69 MP: 0/0
  7450 | D:7      | Killed a two-headed ogre
  7451 | D:7      | Reached skill level 7 in Armour
  7451 | D:7      | Reached skill level 1 in Shields
  7487 | D:7      | Noticed Maurice
  7509 | D:7      | Killed Maurice
  7837 | D:7      | Reached ** piety under Qazlal
  8476 | D:8      | Found a flagged portal.
  8516 | Bailey   | Entered a bailey
  8638 | Bailey   | Noticed an orc knight
  8676 | Bailey   | Reached skill level 8 in Armour
  8701 | Bailey   | Killed an orc knight
  8702 | Bailey   | Reached XP level 11. HP: 59/74 MP: 0/0
  8702 | Bailey   | Learned a level 4 spell: Sticky Flame
  8750 | Bailey   | Slain by an orc warrior

Illustrated notes

Levels and vault maps discovered:
D:1:      psy_arrival_radial02, layout_basic, serial_shops, shop, shop,
          nicolae_shop_rolling_square, nicolae_shop_statue_plus
D:2:      layout_basic, serial_park_tiny_pond, minmay_tetromino_t2
D:3:      layout_basic, nicolae_wu_jian_wuxing_cycle, serial_co_window_serial,
          co_window_corner_a, co_window_corner_a, co_window_corner_a,
          co_window_of_opportunity_a, co_window_paths_b, co_window_paths_a,
          co_window_corner_a, co_window_corner_a, co_window_paths_b,
          co_window_unsneaky_path_c, co_window_2corner, co_window_corner_cb,
          co_window_of_opportunity_b, co_window_paths_c
D:4:      nicolae_cairo_tiling, layout_basic, chei_slow_surprise,
          vehumet_altar_wand_db, st_stairs_5, uniq_duvessa
D:5:      layout_basic, roderic_three_in_a_row, chequers_serial_rivers_micro_a,
          minivault_26, minmay_ruined_shrine, uniq_crazy_yiuf_cottage
D:6:      wander_guarded_unrand_ratskin, layout_cave_pods,
          mainiacjoe_overflow_concentric_impassable,
          minmay_temple_entry_glassed_door, uniq_jeremiah
D:7:      layout_basic, minmay_ruffians, uniq_pikel, uniq_maurice
D:8:      layout_basic, enter_bailey_6, kennysheep_doodads
Temple:   nicolae_temple_bog_church
Bailey:   bailey_axe_3, bailey

Skill      XL: |  1  2  3  4  5  6  7  8  9 10 |
---------------+-------------------------------+-----
Stealth        | 2 3 4 |  4.5
Dodging        | 3 4 5 6 7 |  7.2
Fighting       | 1 3 4 |  4.4
Spellcasting   | 4 5 6 7 |  7.6
Conjurations   | 4 5 6 7 |  7.6
Hexes          | 4 5 6 7 |  7.6
Summonings     | 4 5 6 7 |  7.6
Necromancy     | 4 5 6 7 |  7.6
Translocations | 4 5 6 7 |  7.6
Fire Magic     | 4 5 6 7 |  7.6
Ice Magic      | 4 5 6 7 |  7.6
Air Magic      | 4 5 6 7 |  7.6
Earth Magic    | 4 5 6 7 |  7.6
Alchemy        | 4 5 6 7 |  7.6
Armour         | 1 4 6 8 |  8.2
Short Blades   | 1 |  1.9
Evocations     | 1 3 |  3.4
Shields        | 1 |  1.0
Unarmed Combat | |  0.4

Action                     |  1- 3 |  4- 6 |  7- 9 | 10-12 || total
---------------------------+-------+-------+-------+-------++-------
  Melee: Unarmed           |     5 |       |       |       ||     5
         Dagger            |       |       |    12 |    11 ||    23
   Cast: Shock             |    43 |    16 |    66 |    25 ||   150
         Foxfire           |    27 |    77 |   179 |   132 ||   415
         Swiftness         |       |       |     1 |       ||     1
  Evoke: Wand              |       |       |     5 |    11 ||    16
    Use: Scroll            |       |     3 |    19 |     5 ||    27
         Potion            |       |       |     1 |     1 ||     2
   Stab: Sleeping          |       |       |     1 |       ||     1
 Armour: Robe              |     8 |    25 |    11 |       ||    44
         Ring mail         |       |       |    80 |    60 ||   140
  Dodge: Dodged            |    14 |    23 |    62 |    46 ||   145
  Block: Other             |       |       |     2 |     3 ||     5
